AoeStats
← Jako2621

Four Lakes

507056288Analyzed
1v1 RM · 15d ago on Sep 16, 2026· 39m 26s· 2 players
Game mode
Random Map
Map size
Tiny (2 player)
Population
200
Speed
Normal
Resources
Standard
Victory
Conquest
Starting age
Dark Age
Ending age
Imperial Age
RankedLock teamsTeams togetherTeam positionsShared explorationLock speedFull tech treeHidden civsTurbo modeCheats
Victory
Defeat
🇨🇳 Italians · China
412
+19
🇫🇷 Franks · France
467
-19
Nightowl476
8:37 Loom
13:24 Feudal Age
14:26 Horse Collar
14:38 Double-Bit Axe
14:51 Fishing Lines
16:16 Wheelbarrow
17:52 Scale Mail Armor
18:13 Fletching
20:12 Town Watch
20:31 Padded Archer Armor
21:25 Forging
23:37 Arson
24:30 Man-at-Arms
31:05 Castle Age
31:12 Long Swordsman
31:52 Squires
31:58 Heavy Plow
32:37 Iron Casting
33:08 Chain Mail Armor
34:44 Bodkin Arrow
36:13 Hand Cart
36:34 Gold Mining
36:35 Stone Mining
36:40 Gillnets
39:10 Bow Saw
39:04 Town Patrol
Jako2621
0:33 Loom
11:49 Feudal Age
12:21 Double-Bit Axe
12:30 Gold Mining
12:34 Stone Mining
15:11 Wheelbarrow
14:26 Town Watch
22:52 Castle Age
23:23 Scale Barding Armor
23:29 Forging
23:52 Fishing Lines
24:27 Husbandry
25:06 Gold Shaft Mining
24:46 Bow Saw
28:43 Hand Cart
Connection lost

Rejoining the realm…

Still unreachable

The connection could not be restored.

Session expired

The server has moved on; the page needs a fresh start.